 Dungeon Crawl Stone Soup version 0.19.5 (webtiles) character file.

5742 Peloso the Blocker (level 10, 0/88 HPs)
             Began as a Minotaur Fighter on Mar 16, 2017.
             Was a Priest of Okawaru.
             Slain by Urug
             ... wielding a +4 long sword of slicing
              (17 damage)
             ... on level 10 of the Dungeon.
             The game lasted 00:20:56 (9531 turns).

Peloso the Blocker (Minotaur Fighter)               Turns: 9531, Time: 00:20:57

Health: 0/88       AC: 19    Str: 27    XL:     10   Next: 49%
Magic:  8/9        EV: 12    Int:  8    God:    Okawaru [***...]
Gold:   391        SH: 20    Dex: 12    Spells: 0 memorised, 9 levels left

rFire  + . .     SeeInvis .     a - +0 long sword
rCold  x . .     Gourm    .     H - +0 plate armour
rNeg   . . .     Faith    .     c - +1 shield
rPois  .         Spirit   .     (helmet restricted)
rElec  .         Reflect  +     t - +1 cloak
rCorr  .         Harm     .     (no gloves)
MR     .....                    (no boots)
Stlth  ..........               j - +4 amulet of reflection
                                z - ring of fire
                                x - +3 ring of intelligence

@: mighty, heroism
A: retaliatory headbutt, horns 2
a: Heroism, Renounce Religion


You were on level 10 of the Dungeon.
You worshipped Okawaru.
Okawaru was most pleased with you.
You were hungry.

You visited 2 branches of the dungeon, and saw 11 of its levels.

You collected 391 gold pieces.

Inventory:

Hand Weapons
 a - a +0 long sword (weapon)
 m - a +1 hand axe of flaming
 L - the +3 mace of Instinct {crush, rC+ Int+3}
   (You found it on level 10 of the Dungeon)

   It inflicts extra damage upon your enemies.
   It affects your intelligence (+3).
   It protects you from cold.
Armour
 c - a +1 shield (worn)
 t - a +1 cloak (worn)
 H - a +0 plate armour (worn)
Rods
 R - a +0 rod of shadows (12/12)
   (You found it on level 10 of the Dungeon)
Jewellery
 j - a +4 amulet of reflection (around neck)
 x - a +3 ring of intelligence (left hand)
 z - a ring of fire (right hand)
 Q - a +4 ring of intelligence
Wands
 p - a wand of digging (16/24)
 y - a wand of heal wounds (3/9)
 F - a wand of enslavement (11/24)
 I - a wand of acid (7/15)
Scrolls
 b - 5 scrolls of identify
 g - 3 scrolls of remove curse
 k - 2 scrolls of amnesia
 n - a scroll of enchant weapon {unknown}
 s - 2 scrolls of fear
 v - 2 scrolls of recharging
 w - 3 scrolls of teleportation
 B - 2 scrolls of fog
 E - a scroll of enchant armour
 J - a scroll of vulnerability {unknown}
 K - a scroll of magic mapping
 M - a scroll of immolation {unknown}
 N - a scroll of blinking {unknown}
 O - a scroll of torment {unknown}
Potions
 e - a potion of resistance
 h - 2 potions of cancellation
 i - 5 potions of curing
 l - a potion of might
 o - 2 potions of brilliance
 A - 2 potions of magic
 D - 2 potions of haste {unknown}
 G - 2 potions of beneficial mutation {unknown}
 P - a potion of flight {unknown}
Comestibles
 d - a royal jelly
 f - 12 bread rations
 q - a beef jerky
 r - 5 meat rations
 C - 6 fruits


   Skills:
 + Level 7.8(12.8) Fighting
 + Level 10.7(15.7) Long Blades
 + Level 9.1(14.1) Armour
 + Level 3.1(8.1) Dodging
 + Level 0.5(5.5) Stealth
 + Level 11.0(16.0) Shields
 + Level 1.1 Invocations


You had 9 spell levels left.
You didn't know any spells.

Dungeon Overview and Level Annotations

Branches:
Dungeon (10/15)            Temple (1/1) D:7
   Lair: D:8-11         Orc: D:9-12

Altars:
Ashenzari
Cheibriados
Dithmenos
Elyvilon
Fedhas
Gozag
Hepliaklqana
Kikubaaqudgha
Makhleb
Nemelex Xobeh
Okawaru
Qazlal
Sif Muna
Trog
Vehumet
Xom
Zin
The Shining One

Shops:
D:4 [   D:7 [

Annotations:
D:10 Urug


Innate Abilities, Weirdness & Mutations

You reflexively headbutt those who attack you in melee.
You have a pair of horns on your head.


Message History

Your plate armour prevents you from hitting Urug.
You headbutt Urug.
Urug is moderately wounded.
You barely miss Urug.
Urug is moderately wounded.
Urug hits you with a long sword of slicing!
Your plate armour prevents you from hitting Urug.
Urug is moderately wounded.
You barely miss Urug.
Urug is moderately wounded.
Urug zaps a wand.
The bolt of lightning hits you!
* * * LOW HITPOINT WARNING * * *
You hit Urug but do no damage.
Urug is moderately wounded.
Urug zaps a wand.
The bolt of lightning hits you!
* * * LOW HITPOINT WARNING * * *
You feel very mighty all of a sudden.
Urug roars.
Urug hits you with a long sword of slicing!
You die...

# # # # ####### # # #.....# ###
###### # # #.###.#####<######
#....### ######+#'#......(.....#
#.##.#..
..#.....)..#..##@#########(##.#.#
###........#...#.o..((.....#....#
#...(.(.<#####..###############
#........# #......# # #....รท...#
#.#..#.# # #.......)# #.#..#.#
########'#.# #.#..#.#
.........#.# #.#..#.#
######...#.# #.#....#


You could see Urug.

Vanquished Creatures
  2 two-headed ogres (D:8)
  A troll (D:9)
  Prince Ribbit (D:10)
  3 hippogriffs
  A spriggan (D:9)
  3 yaks (D:9)
  A black bear (D:9)
  An orc warrior (D:7)
  2 ice beasts (D:7)
  A sky beast (D:7)
  2 necrophages
  3 phantoms
  2 ogres
  5 centaurs
  A big kobold (D:9)
  4 bullfrogs
  A gnoll sergeant (D:9)
  3 scorpions
  10 killer bees (D:9)
  3 electric eels (D:9)
  A bullfrog zombie (D:7)
  3 crimson imps
  3 jellies
  2 bullfrog skeletons
  A hound (D:7)
  5 orc wizards
  Crazy Yiuf (D:7)
  4 iguanas
  Ijyb (D:2)
  Terence (D:2)
  7 worker ants
  A hound skeleton (D:7)
  Robin (D:2)
  A howler monkey zombie (D:5)
  4 gnolls (D:9)
  3 worker ant zombies
  7 adders
  2 shadow imps
  2 oozes
  An adder skeleton (D:6)
  An adder zombie (D:9)
  2 worms
  A dart slug (D:2)
  5 leopard geckos
  13 orcs
  2 ball pythons
  5 giant cockroaches
  14 goblins
  3 hobgoblins (D:2)
  8 jackals
  3 quokkas
  9 bats
  5 frilled lizards
  10 kobolds
  2 rats (D:1)
184 creatures vanquished.

Vanquished Creatures (others)
  2 centaurs
2 creatures vanquished.

Grand Total: 186 creatures vanquished

Notes
Turn   | Place    | Note
-------+----------+-------------------------------------------
     0 | D:1      | Peloso the Minotaur Fighter began the quest for the Orb.
     0 | D:1      | Reached XP level 1. HP: 19/19 MP: 0/0
   313 | D:1      | Reached XP level 2. HP: 27/27 MP: 1/1
   443 | D:1      | Reached skill level 4 in Shields
   715 | D:2      | Noticed Terence
   728 | D:2      | Killed Terence
   728 | D:2      | Reached XP level 3. HP: 25/33 MP: 2/2
   841 | D:2      | Found a shadowy altar of Dithmenos.
   844 | D:2      | Noticed Ijyb
   859 | D:2      | Killed Ijyb
   859 | D:2      | Reached XP level 4. HP: 38/40 MP: 3/3
   976 | D:2      | Noticed Robin
   987 | D:2      | Killed Robin
  1056 | D:2      | Found a stormy altar of Qazlal.
  1760 | D:3      | Reached XP level 5. HP: 45/47 MP: 4/4
  1945 | D:3      | Reached skill level 1 in Dodging
  1951 | D:3      | Reached skill level 5 in Shields
  2084 | D:4      | Noticed a phantom
  2098 | D:4      | Killed a phantom
  2098 | D:4      | Reached skill level 5 in Armour
  2098 | D:4      | Reached XP level 6. HP: 49/55 MP: 5/5
  2250 | D:4      | Reached skill level 5 in Long Blades
  2475 | D:4      | Found Tekoabbe's Armour Shoppe.
  2506 | D:4      | Reached skill level 5 in Fighting
  2816 | D:4      | Reached XP level 7. HP: 59/61 MP: 6/6
  3033 | D:5      | Entered Level 5 of the Dungeon
  3445 | D:5      | Found an opulent altar of Gozag.
  3595 | D:5      | Reached skill level 6 in Shields
  4056 | D:6      | Reached XP level 8. HP: 66/69 MP: 7/7
  4400 | D:7      | Reached skill level 7 in Shields
  4635 | D:7      | Noticed Prince Ribbit
  4771 | D:7      | Found a radiant altar of Vehumet.
  4773 | D:7      | Got a brightly glowing trident
  4899 | D:7      | Noticed a hippogriff
  4910 | D:7      | Killed a hippogriff
  4955 | D:7      | Found a staircase to the Ecumenical Temple.
  4987 | Temple   | Entered the Ecumenical Temple
  5043 | Temple   | Became a worshipper of Warmaster Okawaru
  5047 | Temple   | Identified the +4 trident of the Everdark {pierce, Fragile rPois rC+ Str+8} (You found it on level 7 of the Dungeon)
  5172 | D:7      | Found Maitux's Antique Armour Shoppe.
  5376 | D:7      | Reached skill level 8 in Shields
  5496 | D:7      | Reached XP level 9. HP: 77/77 MP: 8/8
  5542 | D:7      | Found a bloodstained altar of Trog.
  5580 | D:7      | Found a runed door.
  5720 | D:7      | Found an ancient bone altar of Kikubaaqudgha.
  5722 | D:7      | Found a snail-covered altar of Cheibriados.
  6002 | D:7      | Noticed Crazy Yiuf
  6008 | D:7      | Killed Crazy Yiuf
  6173 | D:8      | Reached * piety under Okawaru
  6733 | D:8      | Reached skill level 9 in Shields
  6970 | D:9      | Reached skill level 10 in Long Blades
  6982 | D:9      | Reached ** piety under Okawaru
  7177 | D:9      | Noticed a troll
  7185 | D:9      | Killed a troll
  7250 | D:9      | Reached XP level 10. HP: 65/85 MP: 9/9
  7257 | D:9      | Reached skill level 10 in Shields
  8370 | D:9      | Reached skill level 1 in Invocations
  8456 | D:9      | Reached *** piety under Okawaru
  8710 | D:10     | Entered Level 10 of the Dungeon
  8811 | D:10     | Got a scorched mace
  8812 | D:10     | Identified the +3 mace of Instinct {crush, rC+ Int+3} (You found it on level 10 of the Dungeon)
  9155 | D:10     | Killed Prince Ribbit
  9183 | D:10     | Reached skill level 11 in Shields
  9209 | D:10     | Noticed Urug
  9531 | D:10     | Slain by Urug

Skill      XL: |  1  2  3  4  5  6  7  8  9 10 |
---------------+-------------------------------+-----
Armour         | 4 5 6 7 8 9 |  9.1
Shields        | 4 5 6 8 9 11 | 11.0
Fighting       | 4 5 6 7 |  7.8
Long Blades    | 3 4 5 6 8 10 | 10.7
Dodging        | 1 2 3 |  3.1
Invocations    | 1 |  1.1
Stealth        | |  0.5

Action                   |  1- 3 |  4- 6 |  7- 9 | 10-12 || total
-------------------------+-------+-------+-------+-------++-------
Melee: Long sword        |    40 |   136 |   375 |   174 ||   725
       Headbutt          |     7 |    28 |    88 |    39 ||   162
Invok: Heroism           |       |       |     2 |     3 ||     5
Evoke: Wand              |       |       |     1 |       ||     1
  Use: Scroll            |       |       |    17 |       ||    17
       Potion            |       |       |     1 |     3 ||     4
  Eat: Chunk             |       |     5 |    14 |     7 ||    26
       Fruit             |       |       |     1 |     1 ||     2
Armor: Scale mail        |    24 |    43 |       |       ||    67
       Chain mail        |       |    47 |    87 |       ||   134
       Plate armour      |       |       |    33 |    65 ||    98
Dodge: Dodged            |    18 |    32 |    67 |    26 ||   143
Block: Shield            |    28 |    73 |   241 |   132 ||   474
       Reflection        |       |       |     8 |    10 ||    18
       Rpst.: Long sword |    10 |     8 |    14 |     5 ||    37
